 Dungeon Crawl Stone Soup version 0.30.1-11-g7821555f0a (webtiles) character file.

Game seed: 13496912443938396246

714 MrIGI the Ruffian (level 7, -2/68 HPs)
             Began as a Troll Fighter on Dec 18, 2023.
             Slain by a gnoll
             ... wielding a +0 whip
             ... led by a gnoll bouda
              (4 damage)
             ... on level 7 of the Dungeon.
             The game lasted 00:09:49 (3405 turns).

MrIGI the Ruffian (Troll Fighter)                   Turns: 3405, Time: 00:09:50

Health: -2/68      AC:  5    Str: 27    XL:     7   Next: 41%
Magic:  6/6        EV:  9    Int:  4    God:
Gold:   226        SH:  8    Dex:  9    Spells: 6/6 levels left

rFire   . .          .
                       - Unarmed
rCold   . . .        b - +0 kite shield
rNeg    . . .        a - +0 robe
rPois   .            (helmet restricted)
rElec   .            q - +0 cloak
rCorr   .            (gloves unavailable)
SInv    .            (boots unavailable)
Will    .....        (no amulet)
Stlth   +            g - ring of flight
HPRegen 1.11/turn    (no ring)
MPRegen 0.10/turn

%: no passive effects
@: flying
A: large, unfitting armour, claws 3, regeneration 1, shaggy fur 1, tough skin 1
a: no special abilities


You were on level 7 of the Dungeon.
You visited 1 branch of the dungeon, and saw 7 of its levels.
You also visited: Sewer.

You collected 226 gold pieces.

Inventory:

Hand Weapons
 m - a +0 demon blade
Missiles
 p - 3 datura-tipped darts (quivered)
 r - a throwing net
 B - 6 atropa-tipped darts
Armour
 a - a +0 robe (worn)
 b - a +0 kite shield (worn)
 q - a +0 cloak (worn)
Magical Staves
 o - a staff of cold
Jewellery
 g - a ring of flight (left claw)
 s - an amulet of faith
Scrolls
 d - a scroll of noise
 e - a scroll of butterflies {unknown}
 h - 2 scrolls of amnesia
 k - a scroll of vulnerability
 u - 4 scrolls of silence
 w - a scroll of enchant armour {unknown}
 x - 2 scrolls of blinking {unknown}
 y - a scroll of enchant weapon {unknown}
 A - a scroll of fog {unknown}
 C - 2 scrolls of identify
 D - 2 scrolls of torment {unknown}
Potions
 c - 2 potions of might
 f - a potion of curing {unknown}
 i - a potion of magic {unknown}
 j - a potion of heal wounds {unknown}
 l - 2 potions of haste
 n - a potion of cancellation {unknown}
 t - 2 potions of degeneration {unknown}
 v - a potion of berserk rage {unknown}
 z - a potion of resistance {unknown}
 E - a potion of invisibility {unknown}


   Skills:
 + Level 3.9 Fighting
 + Level 3.8 Dodging
 + Level 4.2 Shields
 * Level 5.5 Unarmed Combat


You had 6 spell levels left.
You didn't know any spells.
Your spell library contained the following spells:

 Spells                   Type           Power      Damage    Failure   Level
 Apportation              Tloc           0%         N/A       73%         1
 Poisonous Vapours        Pois/Air       0%         N/A       86%         2
 Mephitic Cloud           Conj/Pois/Air  0%         N/A       97%         3
 Portal Projectile        Hex/Tloc       0%         N/A       97%         3
 Tukima's Dance           Hex            0%         N/A       97%         3
 Alistair's Intoxication  Tmut/Pois      0%         N/A       100%        5
 Blade Hands              Tmut           0%         N/A       100%        5
 Freezing Cloud           Conj/Ice/Air   0%         6-21      100%        5


Dungeon Overview and Level Annotations

Branches:
Dungeon (7/15)              Sewer (visited)
 Temple: D:4-7

Altars:


Innate Abilities, Weirdness & Mutations

You are too large for most types of armour.
You have claws for hands.
Your natural rate of healing is unusually fast.
You are covered in fur. (AC +1)
You have tough skin. (AC +1)


Message History

There is a stone staircase leading down here.
You block the ufetubus's attack. x2
The gnoll hits you from afar with a +0 spear.
The gnoll hits you with a +0 whip.
You fly downwards.
The orc priest shouts!
The orc shouts!
Found a crooked brass wand.
Found two stone staircases leading down.
There is a stone staircase leading up here.
The gnoll attacks as you move away! The gnoll hits you with a +0 whip.
An orc comes into view. It is wielding a +0 flail.
Found 15 gold pieces.
The orc shouts!
The ufetubus hits you but does no damage.
The ufetubus hits you.
* * * LOW HITPOINT WARNING * * *
An orc comes into view. It is wielding a +0 short sword.
You block the bullfrog's attack. x2
The ufetubus attacks as you move away! The ufetubus closely misses you.
The ufetubus hits you.
* * * LOW HITPOINT WARNING * * *
The orc shouts!
You hear a shout!
You block the ufetubus's attack. x2
The ufetubus attacks as you move away! The ufetubus hits you.
* * * LOW HITPOINT WARNING * * *
The ufetubus hits you but does no damage.
The bullfrog attacks as you move away!
The bullfrog hits you but does no damage.
Found a stone staircase leading down.
You block the bullfrog's attack.
An orc comes into view. It is wielding a +0 mace.
You block the gnoll's attack. The ufetubus barely misses you.
The ufetubus hits you.
* * * LOW HITPOINT WARNING * * *
The orc priest calls down the wrath of Beogh upon you.
Beogh smites you!
* * * LOW HITPOINT WARNING * * *
There is a stone staircase leading down, spattered with blood here.
The bullfrog barely misses you. The ufetubus closely misses you. x2
The gnoll hits you with a +0 whip.
You die...

#.........
#.........#
#.>......o#
#.........#
####....oo..$#
###...........#
.....#<#..f..#
/.........#go#
...........5@#
...##......F........
.. #...............
..................
.............#..#.
##...o......#....>.
#..........###....
#.#........# ....


You could see a sleepcap, a bullfrog, an orc priest, a gnoll (swift), 4 orcs and
an ufetubus.

Vanquished Creatures
  A water moccasin (D:4)
  A black bear (D:4)
  An ogre (D:4)
  An orc priest (D:4)
  3 jellies
  2 iguanas (D:5)
  An orc wizard (D:4)
  A hell rat (Sewer)
  A gnoll (D:1)
  6 adders
  3 river rats (Sewer)
  A white imp (D:5)
  4 dart slugs
  11 orcs
  4 endoplasms
  4 giant cockroaches
  8 goblins
  6 hobgoblins
  6 jackals (D:4)
  11 quokkas
  11 ball pythons
  4 bats
  2 frilled lizards
  7 kobolds
  10 rats
110 creatures vanquished.

Notes
Turn   | Place    | Note
-------+----------+-------------------------------------------
     0 | D:1      | MrIGI the Troll Fighter began the quest for the Orb.
     0 | D:1      | Reached XP level 1. HP: 22/22 MP: 0/0
   100 | D:1      | Reached XP level 2. HP: 27/29 MP: 1/1
   386 | D:1      | Reached XP level 3. HP: 36/36 MP: 2/2
   907 | D:2      | Reached skill level 3 in Unarmed Combat
   998 | D:2      | Found a faded altar of an unknown god.
  1326 | D:2      | Reached XP level 4. HP: 44/44 MP: 3/3
  2205 | D:4      | Noticed a water moccasin
  2214 | D:4      | Killed a water moccasin
  2215 | D:4      | Reached skill level 4 in Unarmed Combat
  2215 | D:4      | Reached XP level 5. HP: 24/53 MP: 4/4
  2310 | D:4      | Reached XP level 6. HP: 53/61 MP: 5/5
  2467 | D:4      | Found a glowing drain.
  2487 | Sewer    | Entered a sewer
  2493 | Sewer    | Reached skill level 5 in Unarmed Combat
  2511 | Sewer    | Reached XP level 7. HP: 68/68 MP: 6/6
  3085 | D:5      | Entered Level 5 of the Dungeon
  3404 | D:7      | HP: 1/68 [orc priest/divine providence (15)]
  3405 | D:7      | Slain by a gnoll

Illustrated notes

Levels and vault maps discovered:
D:1:      co_arrival_random_square_maze, layout_rooms, serial_forest,
          infiniplex_forest_zigzag_1, infiniplex_forest_straight_3,
          infiniplex_forest_end_3, infiniplex_forest_lined_4_way,
          infiniplex_forest_lined_3, infiniplex_forest_clump_double,
          infiniplex_forest_lined_room_2, infiniplex_forest_clump_medium,
          infiniplex_forest_end_double, infiniplex_forest_clump_small
D:2:      layout_basic, hellmonk_ecumenical_altar_run_dry, minivault_5
D:3:      layout_basic
D:4:      layout_loops_ring, portal_sewer_entry_f, chequers_arboretum
D:5:      layout_loops_ring, kennysheep_generic_room_15
D:6:      layout_cave_pools, kennysheep_generic_room_4
D:7:      kennysheep_windowed_halls, layout_rooms, lemuel_temple_firewalk_a,
          glass_columns_b

Skill      XL: |  1  2  3  4  5  6 |
---------------+-------------------+-----
Shields        | 3 4 |  4.2
Unarmed Combat | 3 4 5 |  5.5
Fighting       | 3 |  3.9
Dodging        | 3 |  3.8

Action                     |  1- 3 |  4- 6 |  7- 9 || total
---------------------------+-------+-------+-------++-------
  Melee: Unarmed           |    91 |   129 |    53 ||   273
    Use: Scroll            |       |     5 |       ||     5
   Stab: Sleeping          |       |     1 |       ||     1
 Armour: Robe              |    24 |    42 |    34 ||   100
  Dodge: Dodged            |    32 |    55 |    55 ||   142
  Block: Kite shield       |    28 |    45 |    63 ||   136
